AoeStats
← miguelon01

Black Forest

509215433Analyzed
4v4 RM · 7d ago on Sep 25, 2026· 31m 59s· 8 players
Game mode
Random Map
Map size
Large (8 player)
Population
200
Speed
Normal
Resources
Standard
Victory
Conquest
Starting age
Dark Age
Ending age
Imperial Age
RankedLock teamsTeams togetherTeam positionsShared explorationLock speedFull tech treeHidden civsTurbo modeCheats
Victory
Defeat
🇧🇷 Spanish · Brazil
1373
+9
🇪🇸 Celts · Spain
1362
+9
🇧🇷 Franks · Brazil
1042
+22
🇧🇷 Persians · Brazil
969
+25
🇬🇷 Hindustanis · Greece
1224
-18
🇧🇷 Burgundians · Brazil
1192
-16
🇮🇹 Persians · Italy
1180
-16
🇹🇷 Vietnamese · Türkiye
1158
-15
Tikka Masala
11:22 Feudal Age
11:52 Fishing Lines
12:05 Double-Bit Axe
19:16 Castle Age
21:33 Wheelbarrow
21:27 Bow Saw
21:21 Gillnets
23:59 Hand Cart
23:38 Loom
24:46 Stone Mining
24:46 Gold Mining
27:02 Ballistics
29:35 Careening
32:19 Imperial Age
miguelon01
0:28 Loom
1:09 Loom
11:57 Feudal Age
10:39 Double-Bit Axe
11:40 Gold Mining
21:16 Castle Age
19:57 Fletching
21:03 Stone Mining
nikos9730
0:30 Loom
10:25 Feudal Age
10:51 Double-Bit Axe
12:16 Town Watch
16:06 Fishing Lines
17:47 Wheelbarrow
19:21 Horse Collar
24:07 Castle Age
25:14 Demolition Ship
26:43 Gillnets
27:54 Heavy Plow
28:50 Husbandry
29:05 Forging
29:00 Scale Barding Armor
29:17 Hand Cart
31:04 Bloodlines
31:54 Iron Casting
31:39 Chain Barding Armor
33:53 Imperial Age
32:21 Fletching
zeyrek
7:41 Loom
12:13 Feudal Age
16:30 Castle Age
15:16 Gold Mining
15:15 Double-Bit Axe
16:43 Fishing Lines
18:11 Wheelbarrow
17:44 Gillnets
19:12 Bow Saw
21:48 Hand Cart
21:23 Town Watch
31:47 Imperial Age
29:10 Fletching
29:21 Padded Archer Armor
firefighter25
5:17 Loom
11:46 Feudal Age
13:01 Double-Bit Axe
13:13 Fishing Lines
16:37 Wheelbarrow
17:17 Man-at-Arms
18:42 Arson
21:16 Castle Age
20:19 Scale Mail Armor
20:48 Gold Mining
21:26 Long Swordsman
21:51 Gambesons
22:23 Chain Mail Armor
22:32 Forging
22:43 Gillnets
25:34 Iron Casting
30:50 Imperial Age
29:31 Hand Cart
29:24 Town Watch
31:03 Gold Shaft Mining
30:21 Stone Mining
30:53 Two-Handed Swordsman
32:13 Plate Mail Armor
31:49 Champion
Edu
0:37 Loom
11:36 Feudal Age
15:03 Castle Age
13:30 Double-Bit Axe
14:13 Stone Mining
14:53 Town Watch
15:00 Horse Collar
18:28 Fletching
22:35 Padded Archer Armor
27:22 Imperial Age
25:35 Leather Archer Armor
29:02 Bloodlines
29:58 Husbandry
31:28 Bow Saw
31:09 Gold Mining
32:41 Ring Archer Armor
Mia.Star
7:21 Loom
9:22 Feudal Age
14:29 Double-Bit Axe
19:01 Castle Age
17:48 Wheelbarrow
20:06 Bow Saw
19:40 Horse Collar
20:43 Husbandry
20:55 Bloodlines
23:34 Heavy Plow
24:48 Gold Mining
24:46 Town Watch
29:43 Imperial Age
27:08 Fletching
27:55 Scale Barding Armor
28:37 Forging
29:33 Cavalier
30:21 Light Cavalry
31:58 Chain Barding Armor
Naksu
4:07 Loom
13:43 Feudal Age
21:10 Castle Age
21:26 Double-Bit Axe
23:15 Gold Mining
26:09 Wheelbarrow
27:11 Stone Mining
31:59 Imperial Age
29:49 Hand Cart
30:01 Town Watch
31:15 Gold Shaft Mining
32:03 Fortified Wall
Connection lost

Rejoining the realm…

Still unreachable

The connection could not be restored.

Session expired

The server has moved on; the page needs a fresh start.